 Dungeon Crawl Stone Soup version 0.32-a0-999-gfa1cc04b1d (webtiles) character file.

Game seed: 16913635642930278707

3711 chippings the Thaumaturge (level 9, -12/71 HPs)
             Began as a Purple Draconian Wanderer on Apr 25, 2024.
             Was an Initiate of Gozag.
             Mangled by an orc knight
             ... wielding a +0 halberd
              (31 damage)
             ... in a bailey.
             The game lasted 00:19:18 (7697 turns).

chippings the Thaumaturge (DrWn)                    Turns: 7697, Time: 00:19:20

Health: -12/71     AC: 12    Str: 13    XL:     9   Next: 91%
Magic:  22/22      EV: 11    Int: 16    God:    Gozag
Gold:   986        SH:  5    Dex: 15    Spells: 22/26 levels left

rFire   . . .        k - +8 dagger of Watchfulness {freeze, rPois rN+ Int+2 Stlth+}
rCold   . . .        b - +0 buckler
rNeg    + + .        (body armour unavailable)
rPois   +            m - +2 hat
rElec   .            I - scarf {shadows}
rCorr   .            n - +0 pair of gloves
SInv    +            x - +1 pair of boots
Will    +....        B - amulet of magic regeneration
Stlth   ++           d - ring of see invisible
HPRegen 0.31/turn    H - ring of positive energy
MPRegen 0.58/turn

%: no passive effects
@: gold aura, very slow
A: nullifying breath, AC +7, unfitting armour, cold-blooded
a: Nullifying Breath, Renounce Religion, Potion Petition, Call Merchant, Bribe
Branch


You were in a bailey.
You worshipped Gozag.
Gozag was pleased with you.
You visited 2 branches of the dungeon, and saw 9 of its levels.
You also visited: Bailey.

You collected 1087 gold pieces.
You paid 101 gold pieces to Gozag.

Inventory:

Hand Weapons
 k - the +8 dagger of Watchfulness (weapon) {freeze, rPois rN+ Int+2 Stlth+}
   (You found it on level 2 of the Dungeon)

   Int+2:     It affects your intelligence (+2).
   rPois:     It protects you from poison.
   rN+:       It protects you from negative energy.
   Stlth+:    It makes you more stealthy.
 l - a +3 arbalest
 C - the +1 rapier "Vuskue" {vamp, ^Drain rF+ Int+2}
   (You found it on level 6 of the Dungeon)

   Int+2:     It affects your intelligence (+2).
   rF+:       It protects you from fire.
   ^Drain:    It drains your maximum health when unequipped.
Missiles
 z - 4 throwing nets
Armour
 b - a +0 buckler (worn)
 m - a +2 hat (worn)
 n - a +0 pair of gloves (worn)
 x - a +1 pair of boots (worn)
 I - a scarf of shadows (worn)
Jewellery
 d - a ring of see invisible (left hand)
 r - a ring of ice
 B - an amulet of magic regeneration (around neck)
 H - a ring of positive energy (right hand)
Wands
 E - a wand of polymorph (10)
 J - a wand of roots (5)
 M - a wand of flame (18)
 N - a wand of mindburst (9)
Scrolls
 c - a scroll of fear
 g - a scroll of torment {unknown}
 h - 9 scrolls of identify {unknown}
 p - a scroll of immolation {unknown}
 s - 2 scrolls of poison {unknown}
 w - 2 scrolls of acquirement {unknown}
 D - 2 scrolls of teleportation {unknown}
 F - 4 scrolls of enchant weapon {unknown}
Potions
 a - a potion of invisibility {unknown}
 e - 3 potions of might {unknown}
 f - 2 potions of brilliance {unknown}
 i - 3 potions of heal wounds {unknown}
 j - a potion of ambrosia {unknown}
 o - a potion of attraction {unknown}
 q - 4 potions of curing {unknown}
 t - a potion of enlightenment {unknown}
 G - a potion of lignification {unknown}
 K - a potion of degeneration {unknown}
 L - a potion of mutation {unknown}


   Skills:
 + Level 4.0 Fighting
 + Level 5.6 Short Blades
 - Level 3.4 Maces & Flails
 - Level 1.0 Throwing
 + Level 3.2 Dodging
 + Level 3.6 Stealth
 - Level 4.0 Shields
 + Level 9.4 Spellcasting
 + Level 3.9 Hexes
 - Level 5.0 Earth Magic
 + Level 1.9 Evocations


You had 22 spell levels left.
You knew the following spells:

 Your Spells              Type           Power      Damage    Failure   Level
a - Sandblast             Erth           46%        2d11      1%          1
b - Confusing Touch       Hex            20%        N/A       8%          3

Your spell library contained the following spells:

 Spells                   Type           Power      Damage    Failure   Level
 Passwall                 Erth           23%        N/A       4%          3
 Kiss of Death            Conj/Necr      28%        2d7       13%         1
 Dispel Undead            Necr           7%         3d8       77%         4


Dungeon Overview and Level Annotations

Branches:
Dungeon (8/15)             Temple (1/1) D:5          Bailey (1/1)
   Lair: D:8-11

Altars:
Ashenzari
Cheibriados
Dithmenos
Elyvilon
Fedhas
Gozag
Hepliaklqana
Kikubaaqudgha
Makhleb
Nemelex Xobeh
Okawaru
Qazlal
Ru
Sif Muna
Trog
Uskayaw
Vehumet
Wu Jian
Yredelemnul
The Shining One

Shops:
D:4 =   D:7 (

Annotations:
D:2 1 runed translucent door, Crazy Yiuf
D:5 2 transporters, KennySheep's ghost, novice MDRe


Innate Abilities, Weirdness & Mutations

You can breathe blasts of antimagic.
Your rich purple scales are hard. (AC +7)
You cannot fit into any form of body armour.
You are cold-blooded and may be slowed by cold attacks.


Message History

The grasping roots constrict the orc knight.
The orc warrior hits you from afar with a +0 trident!
Unknown command.
Unknown command.
The roots lose their grip on something.
You enter the shallow water.
Moving in this stuff is going to be slow.
The grasping roots constrict the orc warrior.
The grasping roots constrict the orc knight.
The orc warrior escapes!
The orc knight struggles to escape constriction.
Aiming: Fastroot
Press: ? - help, Shift-Dir - straight line, f - orc knight, p - orc knight
Aim: an orc knight, wielding a +0 halberd and wearing a +0 scale mail (lightly wounded, strong)
The roots erupt in riotous growth!
Roots grab the orc knight.
The orc knight is unaffected.
Roots grab the orc warrior.
The grasping roots constrict the orc knight. x2
The grasping roots constrict the orc warrior.
The orc knight escapes!
The roots lose their grip on the orc knight.
The roots lose their grip on the orc warrior.
The orc knight hits you from afar with a +0 halberd!!
Aiming: Fastroot
Press: ? - help, Shift-Dir - straight line, f/p - orc knight
Aim: an orc knight, wielding a +0 halberd and wearing a +0 scale mail (moderately wounded, strong)
The roots erupt in riotous growth!
Roots grab the orc knight. x2
The grasping roots constrict the orc knight.
The grasping roots constrict the orc knight!
The orc knight hits you from afar with a +0 halberd!
* * * LOW HITPOINT WARNING * * *
Unknown command.
The grasping roots constrict the orc knight! x2
You kill the orc knight!
You hear a splash. x2
The orc knight escapes!
The orc knight hits you from afar with a +0 halberd!!
You die...
Your body crumbles into a pile of gold.

~≈≈≈~~~#########~~~≈≈≈~≈≈~.....#
~~~~~~##~~~~~~~##~~~~~~~~~.....#
~~~~~##~~#'#'#~~##~~~~)~~~.....#
~~~~~#~~##)#)##~~#~~~~~~~~.....#
~~~~##~#########~##~~~~~~~.....#
~~~~##~')#!.[#)'~##~~~~~~~.....#
~~~~##~###.ß.###~##~~~~~~~.....#
~~~~##~')#$o.#)'~##~~~~~~~.....#
~~~~##~####o####@##~~~~~~~.....#
~~~~##~~##∩)o##~~#~~~~~~~~.....#
~~~~~~~~##'''#o~##~~~~~~~~.....#
~~~~~~~~##~~$o~##~~~~~~~~~.....#
~≈≈≈~~~~##~~~~##~~~≈≈≈~≈≈~.....#
.##≈~~~~#######~~~~≈##.#≈≈.....#
.∩#≈~~~~~~~~~~~~~~~≈#∩.##≈.....#
)).~~~~~~~~~~~~~~~~~...)#≈.....#
.##≈~~~~~~~~~~~~~~~≈##.##≈.....#


You could see an orc knight (strong) and an orc warrior.

Vanquished Creatures
  An orc knight (Bailey)
  Eustachio (D:4)
  A steam dragon (D:7)
  10 orc warriors
  2 ice beasts
  2 black bears
  4 ogres
  A kobold brigand (D:8)
  2 gnoll sergeants
  A scorpion (D:4)
  8 wights
  3 howler monkeys (D:8)
  A jelly (D:6)
  2 gnoll boudas
  An orc priest (D:7)
  5 hounds
  3 iguanas
  8 orc wizards
  22 gnolls
  8 adders
  A white imp (D:6)
  4 ufetubi
  4 dart slugs
  2 ribbon worms (D:2)
  34 orcs
  6 endoplasms
  2 giant cockroaches (D:1)
  9 goblins
  6 hobgoblins
  3 jackals (D:4)
  4 quokkas
  10 ball pythons
  4 bats
  A frilled lizard (D:1)
  15 kobolds
  9 rats
200 creatures vanquished.

Notes
Turn   | Place    | Note
-------+----------+-------------------------------------------
     0 | D:1      | chippings the Draconian Wanderer began the quest for the
                  | Orb.
     0 | D:1      | chippings set off with the following items: a +0 flail, a
                  | +0 buckler, a scroll of fear; and the following spell
                  | memorised: Sandblast; and the following spells available to
                  | memorise: Passwall.
     0 | D:1      | Reached XP level 1. HP: 14/14 MP: 2/2
   163 | D:1      | Reached XP level 2. HP: 18/20 MP: 1/3
   769 | D:1      | Reached XP level 3. HP: 26/26 MP: 5/5
  1291 | D:2      | Identified the +8 dagger of Watchfulness {freeze, rPois rN+
                  | Int+2 Stlth+}
  1384 | D:2      | Reached skill level 2 in Spellcasting
  1384 | D:2      | Reached XP level 4. HP: 26/33 MP: 5/7
  1405 | D:2      | Found a faded altar of an unknown god.
  1567 | D:2      | Found a runed translucent door.
  1568 | D:2      | Noticed Crazy Yiuf
  2110 | D:3      | Noticed a black bear
  2116 | D:3      | Killed a black bear
  2117 | D:3      | Reached skill level 1 in Short Blades
  2117 | D:3      | Reached XP level 5. HP: 35/38 MP: 6/8
  2142 | D:3      | Found a stormy altar of Qazlal.
  2271 | D:3      | Found a blossoming altar of Fedhas.
  2446 | D:3      | Found a shimmering blue altar of Sif Muna.
  2724 | D:3      | Noticed an ogre
  2731 | D:3      | Killed an ogre
  2732 | D:3      | Reached XP level 6. HP: 45/45 MP: 6/10
  2845 | D:4      | Reached skill level 3 in Spellcasting
  3102 | D:4      | Noticed Eustachio
  3138 | D:4      | Killed Eustachio
  3139 | D:4      | Your scales start taking on a rich purple colour.
  3139 | D:4      | Reached skill level 4 in Spellcasting
  3139 | D:4      | Reached XP level 7. HP: 38/50 MP: 10/13
  3283 | D:4      | Found Wip Peemm's Jewellery Shoppe.
  3296 | D:4      | Reached skill level 5 in Earth Magic
  3699 | D:5      | Entered Level 5 of the Dungeon
  3749 | D:5      | Reached skill level 5 in Spellcasting
  3755 | D:5      | Noticed KennySheep's ghost (novice MDRe)
  3911 | D:5      | Found an ancient bone altar of Kikubaaqudgha.
  3933 | D:5      | Found a transporter.
  3953 | D:5      | Found a transporter.
  4008 | D:5      | Found a staircase to the Ecumenical Temple.
  4028 | Temple   | Entered the Ecumenical Temple
  4050 | Temple   | Became a worshipper of Gozag Ym Sagoz the Greedy
  4125 | D:5      | Reached skill level 6 in Spellcasting
  4285 | D:5      | Reached XP level 8. HP: 15/57 MP: 17/17
  4594 | D:6      | Reached skill level 7 in Spellcasting
  4623 | D:6      | Identified the +1 rapier "Vuskue" {vamp, ^Drain rF+ Int+2}
  4867 | D:6      | Reached skill level 8 in Spellcasting
  5624 | D:6      | Reached skill level 1 in Hexes
  5686 | D:6      | Reached skill level 1 in Fighting
  5791 | D:7      | Reached skill level 1 in Stealth
  5808 | D:7      | Reached skill level 1 in Dodging
  6002 | D:7      | Found Ysuo's Antique Weapon Emporium.
  6217 | D:7      | Reached XP level 9. HP: 67/67 MP: 21/21
  6254 | D:7      | Found a snail-covered altar of Cheibriados.
  6259 | D:7      | Learned a level 3 spell: Confusing Touch
  6893 | D:7      | Reached skill level 9 in Spellcasting
  6993 | D:8      | Reached skill level 5 in Short Blades
  7156 | D:8      | Found a flagged portal.
  7260 | Bailey   | Entered a bailey
  7346 | Bailey   | Reached skill level 1 in Evocations
  7685 | Bailey   | Noticed an orc knight
  7685 | Bailey   | Noticed an orc knight
  7697 | Bailey   | Killed an orc knight
  7697 | Bailey   | Mangled by an orc knight

Illustrated notes

Levels and vault maps discovered:
D:1:      heliophobic_arrival_glass_houses, layout_basic, serial_forest,
          infiniplex_forest_clump_small, infiniplex_forest_end_2,
          infiniplex_forest_clump_large, infiniplex_forest_lined_ring,
          infiniplex_forest_clump_small, infiniplex_forest_straight_2,
          infiniplex_forest_lined_2, infiniplex_forest_clump_curved,
          infiniplex_forest_clump_double, moated_statue, minmay_quantized
D:2:      layout_basic, hellmonk_ecumenical_altar_zigzags, grunt_ministairs_7,
          minmay_misc_feat_columns, uniq_crazy_yiuf_cottage
D:3:      layout_loops_ring, mainiacjoe_overflow_24_doors,
          grunt_temple_overflow_forces_of_nature
D:4:      layout_basic, serial_shops, shop, nicolae_elevator_lobby_plus,
          uniq_eustachio
D:5:      layout_cave_pools, mainiacjoe_overflow_alcove_2,
          minmay_temple_entry_slanted, gammafunk_ghost_arena
D:6:      layout_layer_cave
D:7:      layout_basic, mainiacjoe_overflow_tiny_flanked, serial_shops,
          nicolae_shop_tiny_statue_garden
D:8:      layout_layer_cave, enter_bailey_2, uniq_gastronok
Temple:   eino_wide_crystal_templ
Bailey:   bailey_polearm_2, bailey

Skill      XL: |  1  2  3  4  5  6  7  8  9 |
---------------+----------------------------+-----
Spellcasting   | 2 4 6 8 9 |  9.4
Shields        | 3 4 |  4.0
Short Blades   | 1 2 3 4 5 |  5.6
Earth Magic    | 4 5 |  5.0
Hexes          | 2 3 |  3.9
Fighting       | 2 4 |  4.0
Stealth        | 2 3 |  3.6
Dodging        | 1 3 |  3.2
Evocations     | 1 |  1.9
Maces & Flails | |  3.4
Throwing       | |  1.0

Action                     |  1- 3 |  4- 6 |  7- 9 || total
---------------------------+-------+-------+-------++-------
  Melee: Flail             |    88 |       |       ||    88
         Tailslap          |     8 |    16 |    46 ||    70
         Dagger            |    10 |   104 |   347 ||   461
   Cast: Sandblast         |    10 |     7 |    51 ||    68
         Confusing Touch   |       |       |     7 ||     7
Ability: Nullifying Breath |       |       |     2 ||     2
  Evoke: Wand              |       |       |    15 ||    15
    Use: Scroll            |       |       |     5 ||     5
   Stab: Sleeping          |     1 |     9 |    10 ||    20
         Confused          |       |       |     5 ||     5
         Distracted        |       |       |     1 ||     1
 Armour: Skin              |    76 |    61 |   234 ||   371
  Dodge: Dodged            |    64 |    36 |   143 ||   243
  Block: Buckler           |    29 |    34 |    90 ||   153

Table legend: (Time is in decaauts)
 A = Elapsed time spent in this place.
 B = Non-inter-level travel time spent in this place.
 C = Inter-level travel time spent in this place.
 D = Time resting spent in this place.
 E = Time spent auto-exploring this place.
 F = Levels seen in this place.
 G = Mean time per level.
                   A        B        C        D        E       F      G
               +--------+--------+--------+--------+--------+-----+--------+
         Total |   7746 |   7484 |    262 |    580 |   4293 |  10 |  774.6 |
       Dungeon |   7224 |   6983 |    241 |    425 |   4268 |   8 |  903.0 |
        Temple |     44 |     23 |     21 |      0 |      0 |   1 |   44.0 |
        Bailey |    477 |    477 |      0 |    155 |     25 |   1 |  477.0 |
               +--------+--------+--------+--------+--------+-----+--------+

Top non-repeatable levels by time:
     D:1: 1190 daAuts
     D:7: 1160 daAuts
     D:5: 1033 daAuts
     D:4: 973 daAuts
     D:2: 930 daAuts
     D:6: 915 daAuts
     D:3: 713 daAuts
  Bailey: 477 daAuts
     D:8: 307 daAuts
  Temple: 44 daAuts
